 Dungeon Crawl Stone Soup version 0.32-a0-141-g04fe69798e (webtiles) character file.

Game seed: 2211106007975227185

99 Kenran the Shooter (level 4, -7/22 HPs)
             Began as a Spriggan Hunter on Feb 11, 2024.
             Mangled by a sleepcap (21 damage)
             ... on level 4 of the Dungeon.
             The game lasted 00:03:09 (2483 turns).

Kenran the Shooter (Spriggan Hunter)                Turns: 2483, Time: 00:03:09

Health: -7/22      AC:  2    Str:  7    XL:     4   Next: 45%
Magic:  5/5        EV:  4    Int: 10    God:
Gold:   148        SH:  0    Dex: 20    Spells: 3/3 levels left

rFire   . . .        a - +0 shortbow
rCold   . . .        (shield currently unavailable)
rNeg    . . .        c - +0 robe
rPois   .            (helmet restricted)
rElec   .            (no cloak)
rCorr   .            (gloves unavailable)
SInv    +            (boots unavailable)
Will    .....        (no amulet)
Stlth   ++           (no ring)
HPRegen 0.23/turn    (no ring)
MPRegen 0.09/turn

%: no passive effects
@: sleeping, very quick
A: very small, no large weapons, unfitting armour, see invisible, speed 3
a: no special abilities


You were on level 4 of the Dungeon.
You visited 1 branch of the dungeon, and saw 4 of its levels.

You collected 174 gold pieces.
You spent 26 gold pieces at shops.

Inventory:

Hand Weapons
 a - a +0 shortbow (weapon)
Armour
 c - a +0 robe (worn)
Jewellery
 o - an amulet of faith {!P}
Wands
 m - a wand of light (12)
Scrolls
 b - a scroll of butterflies
 e - a scroll of silence
 f - a scroll of blinking {unknown}
 i - a scroll of fear
 j - 2 scrolls of vulnerability {unknown}
 l - 2 scrolls of poison {!r}
Potions
 d - a potion of heal wounds {unknown}
 g - 2 potions of brilliance {unknown}
 h - 2 potions of ambrosia {unknown}
 k - a potion of curing {unknown}
 n - a potion of mutation {unknown}


   Skills:
 - Level 1.5 Fighting
 + Level 6.0 Ranged Weapons
 - Level 2.6 Dodging
 - Level 1.5 Stealth


You had 3 spell levels left.
You didn't know any spells.
Your spell library contained the following spells:

 Spells                   Type           Power      Damage    Failure   Level
 Lesser Beckoning         Tloc           0%         N/A       50%         2
 Gell's Gravitas          Tloc           0%         N/A       75%         3
 Teleport Other           Tloc           0%         N/A       75%         3


Dungeon Overview and Level Annotations

Branches:
Dungeon (4/15)
 Temple: D:4-7

Altars:
Trog
Xom

Shops:
D:2 *[[*


Innate Abilities, Weirdness & Mutations

You are very small and have problems with some larger weapons.
You are too small for most types of armour.
You have supernaturally acute eyesight. (SInv)
You cover ground extremely quickly. (Speed+++)


Message History

No target in view!
HP restored.
There is an escape hatch in the ceiling here.
Done exploring.
Done exploring.
Okay, then.
There is an escape hatch in the ceiling here.
There is a stone staircase leading down here.
You climb downwards.
The ball python hisses angrily.
Found 2 poisoned darts and 14 gold pieces.
Found a stone staircase leading down.
There is a stone staircase leading up here.
You shoot an arrow. The arrow hits the ball python!
You kill the ball python!
Your Ranged Weapons skill increases to level 6!
No target in view!
No target in view!
You now have 145 gold pieces (gained 14).
There is a stone staircase leading down here.
You now have 148 gold pieces (gained 3).
A sleepcap comes into view.
You shoot an arrow.
The arrow hits the sleepcap but does no damage.
You shoot an arrow.
The arrow hits the sleepcap but does no damage.
You shoot an arrow. The arrow hits the sleepcap.
The sleepcap is lightly damaged.
The sleepcap closely misses you.
You shoot an arrow. The arrow hits the sleepcap.
The sleepcap is lightly damaged.
The sleepcap closely misses you.
You shoot an arrow. The arrow hits the sleepcap.
The sleepcap is moderately damaged.
The sleepcap releases spores at you!
You are engulfed in a cloud of soporific spores!
You fall asleep.
The sleepcap releases spores at you!!
Ouch! That really hurt!
You die...

# ...........# .#
#####.#.#..#..###
................
#####..##>#######
...........#
#.#####.#### #.##
#..# ##@# #f# ..#
.#.# ....# .# #.#
.. ... .# ##.


You could see a sleepcap.

Vanquished Creatures
  A bombardier beetle (D:3)
  3 dart slugs
  8 ball pythons
  4 endoplasms
  5 giant cockroaches (D:1)
  4 goblins
  7 hobgoblins
  A quokka (D:3)
  3 bats (D:1)
  4 frilled lizards
  8 kobolds
  5 rats
53 creatures vanquished.

Notes
Turn   | Place    | Note
-------+----------+-------------------------------------------
     0 | D:1      | Kenran the Spriggan Hunter began the quest for the Orb.
     0 | D:1      | Reached XP level 1. HP: 10/10 MP: 2/2
   161 | D:1      | Reached XP level 2. HP: 14/14 MP: 3/3
   410 | D:1      | Reached skill level 5 in Ranged Weapons
   425 | D:1      | Reached XP level 3. HP: 18/18 MP: 4/4
   787 | D:2      | Found Qyatuc's Assorted Antiques.
   796 | D:2      | Bought a scroll labelled WEXTAJYNUZ for 26 gold pieces
   806 | D:2      | Found Xihual's Antique Armour Emporium.
   833 | D:2      | Found Falunkuw's Armour Boutique.
   949 | D:2      | Found a shimmering altar of Xom.
   959 | D:2      | Found Pafeig's General Store.
  1110 | D:2      | Found Utheihum's General Store.
  1124 | D:2      | Found a faded altar of an unknown god.
  1694 | D:3      | Reached XP level 4. HP: 22/22 MP: 5/5
  1869 | D:3      | Found a bloodstained altar of Trog.
  2461 | D:4      | Reached skill level 6 in Ranged Weapons
  2483 | D:4      | Mangled by a sleepcap

Illustrated notes

Levels and vault maps discovered:
D:1:      lemuel_arrival_behind_the_door_large, layout_loops_ring,
          nicolae_kite_square_tiling_tiny, minmay_worlds_worst_comb
D:2:      layout_loops_cross, basic_altar, shapermc_ecumenical_altar_gd,
          serial_shops, shop, nicolae_shop_trees, shop, shop, shop
D:3:      layout_basic, trog_hazing_becter, serial_co_window_serial,
          co_window_corner_a, co_window_corner_a, co_window_of_opportunity_a,
          co_window_paths_b, co_window_paths_a, co_window_corner_ca,
          co_window_unsneaky_path_e, co_window_2corner,
          co_window_unsneaky_path_e, co_window_4corner_a, glass_columns_b,
          glass_columns_a
D:4:      wad_river_or_something, layout_basic, elyvilon_altar_5,
          minmay_temple_entry_trees, serial_glass, glass_columns_a,
          glass_columns_a, glass_columns_a, glass_columns_c, st_stairs_12,
          minmay_misc_feat_encased, nicolae_shop_firing_range

Skill      XL: |  1  2  3  4 |
---------------+-------------+-----
Ranged Weapons | 5 6 |  6.0
Fighting       | |  1.5
Dodging        | |  2.6
Stealth        | |  1.5

Action                     |  1- 3 |  4- 6 || total
---------------------------+-------+-------++-------
   Fire: Shortbow          |    93 |    35 ||   128
    Use: Scroll            |     3 |       ||     3
 Armour: Robe              |     1 |     7 ||     8
  Dodge: Dodged            |    10 |    10 ||    20

Table legend: (Time is in decaauts)
 A = Elapsed time spent in this place.
 B = Non-inter-level travel time spent in this place.
 C = Inter-level travel time spent in this place.
 D = Time resting spent in this place.
 E = Time spent auto-exploring this place.
 F = Levels seen in this place.
 G = Mean time per level.
                   A        B        C        D        E       F      G
               +--------+--------+--------+--------+--------+-----+--------+
         Total |   1578 |   1518 |     60 |      0 |   1286 |   4 |  394.5 |
       Dungeon |   1578 |   1518 |     60 |      0 |   1286 |   4 |  394.5 |
               +--------+--------+--------+--------+--------+-----+--------+

Top non-repeatable levels by time:
     D:3: 668 daAuts
     D:1: 482 daAuts
     D:2: 408 daAuts
     D:4: 18 daAuts
